 Dungeon Crawl Stone Soup version 0.32-a0-876-gcfddb08e57 (webtiles) character file.

Game seed: 10766640701811688890

4396 Aldia the Conjurer (level 10, -6/86 HPs)
             Began as a Black Draconian Fire Elementalist on Mar 31, 2024.
             Was an Initiate of Gozag.
             Killed by divine providence
             ... invoked by an orc priest
              (14 damage)
             ... on level 9 of the Dungeon.
             The game lasted 00:19:12 (8605 turns).

Aldia the Conjurer (DrFE)                           Turns: 8605, Time: 00:19:12

Health: -6/86      AC: 11    Str: 10    XL:     10   Next: 13%
Magic:  3/19       EV: 19    Int: 20    God:    Gozag
Gold:   835        SH:  0    Dex: 16    Spells: 9/21 levels left

rFire   . . .        t - +2 falchion (flame)
rCold   + . .        (no shield)
rNeg    + + +        (body armour unavailable)
rPois   .            c - +1 hat of Watchfulness {rN+++ Dex+4}
rElec   +            (no cloak)
rCorr   .            l - +1 pair of gloves
SInv    .            b - +0 pair of boots
Will    .....        (no amulet)
Stlth   ++           D - +5 ring of evasion
HPRegen 0.34/turn    A - ring of protection from cold
MPRegen 0.16/turn

%: no passive effects
@: gold aura, very slightly contaminated
A: galvanic breath, AC +7, unfitting armour, electricity resistance,
cold-blooded
a: Galvanic Breath, Renounce Religion, Potion Petition, Call Merchant, Bribe
Branch


You were on level 9 of the Dungeon.
You worshipped Gozag.
Gozag was pleased with you.
You visited 2 branches of the dungeon, and saw 10 of its levels.

You collected 924 gold pieces.
You paid 89 gold pieces to Gozag.

Inventory:

Hand Weapons
 d - a +0 whip
 s - a +0 dagger
 t - a +2 falchion of flaming (weapon)
Missiles
 o - 3 throwing nets
Armour
 b - a +0 pair of boots (worn)
 c - the +1 hat of Watchfulness (worn) {rN+++ Dex+4}
   (You acquired it on level 3 of the Dungeon)

   Dex+4:     It affects your dexterity (+4).
   rN+++:     It renders you almost immune to negative energy.
 l - a +1 pair of gloves (worn)
Magical Staves
 y - a staff of cold
Jewellery
 z - a ring of flight
 A - a ring of protection from cold (right hand)
 B - a ring of positive energy
 D - a +5 ring of evasion (left hand)
Talismans
 C - a dragon-blood talisman
Wands
 m - a wand of charming (6)
 u - a wand of flame (11)
Scrolls
 g - a scroll of immolation
 h - 3 scrolls of amnesia
 i - 2 scrolls of blinking
 j - a scroll of fear
 k - 2 scrolls of noise
 p - 2 scrolls of identify
 q - a scroll of revelation
 v - a scroll of enchant weapon
 E - a scroll of silence
 F - a scroll of teleportation
Potions
 a - a potion of magic
 e - a potion of heal wounds
 f - a potion of enlightenment
 n - 3 potions of curing
 r - 2 potions of attraction
 w - a potion of resistance
 x - 2 potions of lignification


   Skills:
 + Level 7.0 Fighting
 - Level 6.0 Dodging
 - Level 2.0 Stealth
 - Level 6.0 Spellcasting
 - Level 7.0 Conjurations
 - Level 5.0 Fire Magic
 * Level 5.0 Alchemy
 + Level 1.7 Shapeshifting


You had 9 spell levels left.
You knew the following spells:

 Your Spells              Type           Power      Damage    Failure   Level
a - Foxfire               Conj/Fire      100%       2x1d9     1%          1
b - Scorch                Fire           52%        2d7       1%          2
c - Flame Wave            Conj/Fire      30%        2d9       9%          4
d - Irradiate             Conj/Alch      15%        3d16      24%         5

Your spell library contained the following spells:

 Spells                   Type           Power      Damage    Failure   Level
 Slow                     Hex            24%        N/A       11%         1
 Inner Flame              Hex/Fire       16%        N/A       11%         3
 Volatile Blastmotes      Fire/Tloc      32%        2d12      11%         3
 Sublimation of Blood     Necr           6%         N/A       16%         2
 Confusing Touch          Hex            6%         N/A       30%         3
 Vampiric Draining        Necr           6%         2d6       30%         3
 Petrify                  Alch/Erth      16%        N/A       36%         4
 Haunt                    Necr/Summ      3%         N/A       100%        7
 Infestation              Necr           3%         N/A       100%        8
 Animate Dead             Necr           Unusable   N/A       N/A         4

Dungeon Overview and Level Annotations

Branches:
Dungeon (9/15)             Temple (1/1) D:5
   Lair: D:8-11         Orc: D:9-12

Altars:
Ashenzari
Cheibriados
Dithmenos
Elyvilon
Fedhas
Gozag
Hepliaklqana
Kikubaaqudgha
Makhleb
Nemelex Xobeh
Okawaru
Qazlal
Ru
Sif Muna
Trog
Vehumet
Wu Jian
Xom
Yredelemnul
Zin
The Shining One


Innate Abilities, Weirdness & Mutations

You can breathe arcing electricity.
Your glossy black scales are hard. (AC +7)
You cannot fit into any form of body armour.
You are resistant to electric shocks. (rElec)
You are cold-blooded and may be slowed by cold attacks.


Message History

The orc priest is moderately wounded.
You feel yourself speed up. The orc priest barely misses you.
The orc wizard misses you.
The orc priest miscasts a cantrip.
Casting: Irradiate (dangerous; 24% risk of failure)
Confirm with . or Enter, or press ? or * to list all spells.
You don't have enough magic to cast this spell.
Casting: Irradiate (dangerous; 24% risk of failure)
Confirm with . or Enter, or press ? or * to list all spells.
Flames lash the orc wizard.
The orc wizard is severely wounded.
The orc wizard's fire resistance burns away.
The orc wizard points at you and mumbles some strange words.
The magic dart hits you but does no damage.
The orc priest invokes the aid of Beogh against you.
Beogh smites you!
* * * LOW HITPOINT WARNING * * *
Unknown command.
You hit the orc wizard but do no damage.
The orc wizard is severely wounded.
The orc wizard hits you but does no damage.
The orc priest calls upon Beogh to heal the orc wizard.
The orc wizard is healed somewhat.
You hit the orc wizard. You burn the orc wizard.
The orc wizard is severely wounded.
The orc wizard misses you.
The orc priest hits you but does no damage.
The orc wizard hits you but does no damage.
The orc priest closely misses you.
You hit the orc wizard. You burn the orc wizard.
The orc wizard is almost dead.
The orc wizard hits you but does no damage.
The orc priest misses you.
You hit the orc wizard. You burn the orc wizard.
You kill the orc wizard!
The orc priest looks encouraged for a moment.
The orc priest mumbles some strange prayers to Beogh against you.
Beogh smites you!
You die...
Your body crumbles into a pile of gold.

##.######.... #............
#####################............
....................###+####.....
....................# #.....
....................# #...o.
.........#####.o....# #.....
.........#...#$.....# #..o##
.....#####...#..@...# #...#
.....#.......#......# #.y.#
>....#.......#......#+# ...#
.#####.......#........######...##
.#...........#.....$............#
.#......)....#.....[............#
.#...........#..........######..#
#...........#..........# .#
#####.......#..........# #


You could see an orc priest.

Vanquished Creatures
  A two-headed ogre (D:9)
  The ghost of Gazog the Slicer, a novice VSGl (D:5)
  Jeremiah (D:8)
  A hornet (D:9)
  A troll (D:9)
  2 wyverns (D:7)
  2 water moccasins (D:8)
  2 orc warriors (D:9)
  2 ice beasts
  An ogre (D:6)
  A centaur (D:7)
  4 phantoms
  2 kobold brigands
  3 bullfrogs
  A scorpion (D:5)
  4 wights (D:6)
  2 howler monkeys (D:7)
  3 bombardier beetles
  3 hounds
  A sleepcap (D:6)
  3 jellies
  2 orc priests (D:5)
  4 orc wizards
  An iguana (D:4)
  7 gnolls
  5 adders
  A shadow imp (D:7)
  A white imp (D:5)
  2 ufetubi (D:6)
  A dart slug (D:4)
  16 orcs
  8 bats
  5 endoplasms
  3 giant cockroaches
  3 goblins
  8 hobgoblins
  6 jackals
  27 kobolds
  4 quokkas
  5 ball pythons
  A frilled lizard (D:1)
  4 rats
155 creatures vanquished.

Vanquished Creatures (collateral kills)
  A bombardier beetle (D:5)
  A gnoll bouda (D:5)
  2 gnolls (D:5)
4 creatures vanquished.

Vanquished Creatures (others)
  164 foxfires
164 creatures vanquished.

Grand Total: 323 creatures vanquished

Notes
Turn   | Place    | Note
-------+----------+-------------------------------------------
     0 | D:1      | Aldia the Draconian Fire Elementalist began the quest for
                  | the Orb.
     0 | D:1      | Reached XP level 1. HP: 14/14 MP: 3/3
   156 | D:1      | Reached XP level 2. HP: 12/20 MP: 1/5
   174 | D:1      | Learned a level 2 spell: Scorch
   807 | D:1      | Reached XP level 3. HP: 26/26 MP: 6/6
  2245 | D:3      | Identified a scroll of acquirement
  2246 | D:3      | Acquired the +1 hat of Watchfulness {rN+++ Dex+4}
  2509 | D:3      | Reached XP level 4. HP: 34/34 MP: 0/8
  2594 | D:3      | Found a white marble altar of Elyvilon.
  2813 | D:3      | Reached skill level 1 in Fighting
  3264 | D:4      | Reached XP level 5. HP: 31/40 MP: 1/9
  3740 | D:4      | Noticed a phantom
  3746 | D:4      | Killed a phantom
  3747 | D:4      | Reached skill level 5 in Fire Magic
  3747 | D:4      | Reached XP level 6. HP: 48/48 MP: 1/11
  4052 | D:5      | Entered Level 5 of the Dungeon
  4378 | D:5      | Noticed Gazog's ghost (novice VSGl)
  4379 | D:5      | Found a runed translucent gate.
  4379 | D:5      | Found a runed translucent gate.
  4379 | D:5      | Found a runed translucent gate.
  4403 | D:5      | Your scales start taking on a glossy black colour.
  4403 | D:5      | Reached XP level 7. HP: 57/57 MP: 4/12
  4403 | D:5      | Gained mutation: You are resistant to electric shocks.
                  | (rElec) [Black Draconian growth]
  4682 | D:5      | Found a staircase to the Ecumenical Temple.
  4691 | Temple   | Entered the Ecumenical Temple
  4720 | Temple   | Became a worshipper of Gozag Ym Sagoz the Greedy
  5228 | D:5      | Reached XP level 8. HP: 61/66 MP: 7/14
  5233 | D:5      | Killed Gazog's ghost
  5234 | D:5      | Reached skill level 5 in Conjurations
  5243 | D:5      | Learned a level 4 spell: Flame Wave
  5568 | D:6      | Reached skill level 5 in Spellcasting
  5569 | D:6      | Reached skill level 5 in Fighting
  6185 | D:7      | Reached skill level 5 in Dodging
  6185 | D:7      | Reached XP level 9. HP: 70/74 MP: 11/16
  6669 | D:7      | Found a shimmering altar of Xom.
  6669 | D:7      | Found a basalt altar of Yredelemnul.
  6669 | D:7      | Found a glowing golden altar of the Shining One.
  7091 | D:8      | Learned a level 5 spell: Irradiate
  7107 | D:8      | Noticed Jeremiah
  7339 | D:8      | Found a broken altar of Ashenzari.
  7392 | D:8      | Reached skill level 1 in Alchemy
  7436 | D:8      | Found a snail-covered altar of Cheibriados.
  7737 | D:8      | Killed Jeremiah
  8021 | D:9      | Noticed a troll
  8028 | D:9      | Killed a troll
  8156 | D:9      | Noticed a +0 hand axe
  8156 | D:9      | Noticed a +0 hand axe
  8208 | D:9      | Noticed a two-headed ogre
  8396 | D:9      | Killed a two-headed ogre
  8397 | D:9      | Reached skill level 1 in Shapeshifting
  8397 | D:9      | Reached XP level 10. HP: 36/84 MP: 7/19
  8591 | D:9      | Paralysed by a hornet for 3 turns
  8596 | D:9      | Reached skill level 5 in Alchemy
  8605 | D:9      | Killed from afar by an orc priest

Illustrated notes

Levels and vault maps discovered:
D:1:      orjb1_clovarrival, layout_basic
D:2:      minmay_spotlight, layout_basic, kennysheep_generic_room_11
D:3:      layout_basic, nicolae_elyvilon_peaceful_grove
D:4:      layout_rooms, serial_rivers, chequers_serial_rivers_small_b,
          chequers_serial_rivers_small_b, chequers_serial_rivers_micro_d,
          chequers_serial_rivers_marsh, chequers_serial_rivers_small_a,
          minivault_11
D:5:      layout_basic, minmay_temple_entry_poolview,
          gammafunk_ghost_nasty_kobolds, kennysheep_boxes
D:6:      layout_rooms
D:7:      layout_gridville, gammafunk_temple_overflow_forgotten
D:8:      layout_rooms, lemuel_tele_altar, nicolae_ashenzari_skybound,
          uniq_jeremiah
D:9:      layout_irregular_city, dancing_weapons_uskayaw, david_orc_4,
          fungi_pond_lemuel, columned_hall_lemuel, grunt_ministairs_9
Temple:   regret_index_temple_waves

Skill      XL: |  1  2  3  4  5  6  7  8  9 10 |
---------------+-------------------------------+-----
Stealth        | 2 |  2.0
Fire Magic     | 4 5 |  5.0
Dodging        | 2 3 4 5 6 |  6.0
Fighting       | 1 2 3 4 5 6 7 |  7.0
Spellcasting   | 3 4 5 6 |  6.0
Conjurations   | 2 4 6 7 |  7.0
Alchemy        | 4 5 |  5.0
Shapeshifting  | 1 |  1.7

Action                     |  1- 3 |  4- 6 |  7- 9 | 10-12 || total
---------------------------+-------+-------+-------+-------++-------
  Melee: Whip              |    78 |    70 |       |       ||   148
         Unarmed           |     6 |       |       |       ||     6
         Tailslap          |     7 |     9 |    10 |     2 ||    28
         Dagger            |       |       |     3 |       ||     3
         Falchion          |       |       |    87 |     7 ||    94
   Cast: Foxfire           |    60 |    28 |     9 |       ||    97
         Scorch            |     4 |    25 |    83 |     3 ||   115
         Flame Wave        |       |       |     6 |     2 ||     8
         Irradiate         |       |       |       |     1 ||     1
Ability: Galvanic Breath   |       |       |     4 |       ||     4
  Evoke: Wand              |       |     2 |       |       ||     2
    Use: Scroll            |     6 |     3 |    12 |     1 ||    22
         Potion            |       |       |       |     1 ||     1
   Stab: Sleeping          |     1 |     4 |     1 |       ||     6
 Armour: Skin              |    78 |    63 |   106 |    14 ||   261
  Dodge: Dodged            |   109 |    63 |   112 |    16 ||   300

Table legend: (Time is in decaauts)
 A = Elapsed time spent in this place.
 B = Non-inter-level travel time spent in this place.
 C = Inter-level travel time spent in this place.
 D = Time resting spent in this place.
 E = Time spent auto-exploring this place.
 F = Levels seen in this place.
 G = Mean time per level.
                   A        B        C        D        E       F      G
               +--------+--------+--------+--------+--------+-----+--------+
         Total |   8705 |   8339 |    366 |    453 |   6479 |  10 |  870.5 |
       Dungeon |   8643 |   8336 |    307 |    453 |   6479 |   9 |  960.3 |
        Temple |     62 |      3 |     59 |      0 |      0 |   1 |   62.0 |
               +--------+--------+--------+--------+--------+-----+--------+

Top non-repeatable levels by time:
     D:5: 1277 daAuts
     D:7: 1174 daAuts
     D:1: 1172 daAuts
     D:2: 1091 daAuts
     D:4: 970 daAuts
     D:3: 899 daAuts
     D:6: 776 daAuts
     D:9: 702 daAuts
     D:8: 579 daAuts
  Temple: 62 daAuts
